Cogmind - Beta 10.2 @@@ ROGUE MODE // 2021.08.27 @ 17:35:13 Player: John_Oxford Result: Destroyed by G-34 Mercenary with Small Laser Performance ------------- Evolutions (0) 0 Regions Visited (1) 200 Robots Destroyed (0) 0 Value Destroyed (0) 0 Prototype IDs (0) 0 Alien Tech Used (0) 0 Bonus (0) 0 TOTAL SCORE: 200 Bonus ------- None Cogmind --------- Core Integrity 0/250 Matter 255/300 Energy 99/100 System Corruption 2% Temperature Cool (12) Movement Core (100) Ox1 Location -10/Materials Parts ------- > --- POWER (1) -------- (None) > --- PROPULSION (2) --- (None) > --- UTILITY (2) ------ Small Storage Unit ECM Suite > --- WEAPON (2) ------- (None) > --- INVENTORY (6) ---- Light Ion Engine Hover Unit Hover Unit Hover Unit Hover Unit Light Assault Rifle Peak State ------------ > --- POWER ------------ Light Ion Engine > --- PROPULSION ------- Hover Unit Hover Unit > --- UTILITY ---------- Small Storage Unit ECM Suite > --- WEAPON ----------- Assault Rifle Light Assault Rifle > --- INVENTORY -------- Light Ion Engine Hover Unit Hover Unit Hover Unit Hover Unit Light Assault Rifle [Rating: 7] Favorites ----------- Power Light Ion Engine Engine Light Ion Engine Propulsion Aluminum Leg Leg Aluminum Leg Hover Unit Hover Unit Utility Small Storage Unit Device ECM Suite Storage Small Storage Unit Weapon Assault Rifle Ballistic Gun Assault Rifle Build | -11 -10 ------- Run | Scr Mat Slots Evolved . | . . Power . | . . Propulsion . | . . Utility . | . . Weapon . | . . Parts Attached 9 | 6 3 Power 1 | 1 . Engine 1 | 1 . Core . | . . Reactor . | . . Propulsion 4 | 2 2 Treads . | . . Leg 2 | 2 . Wheel . | . . Hover 2 | . 2 Flight . | . . Utility 2 | 1 1 Device 1 | . 1 Storage 1 | 1 . Processor . | . . Hackware . | . . Protection . | . . Artifact . | . . Weapon 2 | 2 . Energy Gun . | . . Energy Cannon . | . . Ballistic Gun 2 | 2 . Ballistic Cannon . | . . Launcher . | . . Special Weapon . | . . Impact Weapon . | . . Slashing Weapon . | . . Piercing Weapon . | . . Special Melee Weapon . | . . Unidentified Prototypes . | . . Parts Lost 5 | . 5 Power 1 | . 1 Propulsion 2 | . 2 Utility . | . . Weapon 2 | . 2 Highest Loss Streak 5 | . 5 Average Slot Usage (%) 80 | . 80 Engine 13 | . 13 Leg 12 | . 12 Hover 12 | . 12 Device 2 | . 2 Storage 14 | . 14 Ballistic Gun 25 | . 25 Naked Turns . | . . Heaviest Build 11 | 10 11 Greatest Support 20 | 20 20 Greatest Overweight (x) 1 | . 1 Average Overweight (x) . | . . Largest Inventory Capacity 6 | 6 6 Average Capacity 5 | 5 6 Most Carried 6 | 6 6 Average Carried 5 | 4 5 Final Capacity 6 | 6 6 Final Carried 6 | 6 6 Class Distribution -------------------- 100% | Mutant Dominant Class ---------------- Mutant | -10/Materials Resources | -11 -10 ----------- Run | Scr Mat Matter Collected 196 | 171 25 Remotely . | . . Salvage Created . | . . Parts . | . . Haulers Intercepted . | . . Recyclers Shooed . | . . Parts Field Recycled . | . . Retrieved Matter . | . . Parts Self-Destructed . | . . Prevented . | . . Kills | -11 -10 ------- Run | Scr Mat Combat Hostiles Destroyed . | . . Classes Destroyed . | . . Best Kill Streak . | . . Combat Bots Only . | . . Max Kills in Single Turn . | . . Gunslinging . | . . Exploded . | . . Melee . | . . Uniques/NPCs Destroyed . | . . Combat | -11 -10 -------- Run | Scr Mat Damage Taken 595 | . 595 Core 256 | . 256 Absorbed by Shields . | . . Core Remaining (%) 100 | 100 . Volleys Fired 3 | . 3 Largest 2 | . 2 Hottest 40 | . 40 Shots Fired 6 | . 6 Gun 6 | . 6 Cannon . | . . Launcher . | . . Special . | . . Kinetic 6 | . 6 Thermal . | . . Explosive . | . . Electromagnetic . | . . Robot Hit Streak 4 | . 4 Robot Miss Streak 2 | . 2 Penetration Max . | . . Secondary Targets . | . . Shots Hit Robots 4 | . 4 Core Hits 4 | . 4 Critical Hits . | . . Critical Kills . | . . Critical Parts Destroyed . | . . Melee Attacks . | . . Impact . | . . Slashing . | . . Piercing . | . . Sneak Attacks . | . . Combat Hostiles . | . . Follow-up Attacks . | . . Damage Inflicted 37 | . 37 Guns 24 | . 24 Cannons . | . . Explosions . | . . Melee . | . . Ramming 13 | . 13 Kinetic 24 | . 24 Thermal . | . . Explosive . | . . Electromagnetic . | . . Impact . | . . Slashing . | . . Piercing . | . . Highest Corruption 2 | . 2 Average Corruption 2 | . 2 Corruption Purged . | . . Overload Shots . | . . Overflow Damage . | . . Projectiles . | . . Explosions . | . . Melee . | . . Knockbacks . | . . Impact . | . . Kinetic . | . . Secondary . | . . Self-Inflicted Damage 5 | . 5 Shots . | . . Rammed 9 | . 9 Targets Rammed 9 | . 9 Kicked . | . . Crushed . | . . Highest Temperature 18 | . 18 Average Temperature 5 | . 5 Received Heat Transfer 222 | . 222 Siege Activations . | . . Robots Corrupted . | . . Combat Hostiles . | . . Parts Fried . | . . Impact Corruptions . | . . Robots Melted . | . . Combat Hostiles . | . . Parts Melted . | . . Heat Transferred . | . . Parts Sabotaged . | . . Parts Stolen . | . . Parts Stripped . | . . Power Chain Reactions . | . . Missiles Intercepted . | . . Alert | -11 -10 ------- Run | Scr Mat Peak Influence 150 | . 150 Initial . | . . Average 18 | . 27 Maximum Alert Level . | . . Low Security (%) 100 | 100 100 Level 1 . | . . Level 2 . | . . Level 3 . | . . Level 4 . | . . Level 5 . | . . High Security . | . . Max Security . | . . Squads Dispatched 5 | . 5 Investigation 1 | . 1 Extermination . | . . Reinforcement 4 | . 4 Assault . | . . Garrison . | . . Intercept . | . . Construction Impeded . | . . Haulers Reinforced . | . . Stealth | -11 -10 --------- Run | Scr Mat Distress Signals 2 | . 2 Communications Jammed . | . . Distress Signals . | . . Times Spotted 26 | . 26 Peak Tracking Total 13 | . 13 Tactical Retreats 1 | . 1 Traps | -11 -10 ------- Run | Scr Mat Traps Triggered 1 | . 1 Indirectly . | . . Trap Hack Attempts . | . . Triggered . | . . Disarmed . | . . Reprogrammed . | . . Reused . | . . Traps Extracted . | . . Installed . | . . Triggered . | . . Machines | -11 -10 ---------- Run | Scr Mat Machines Disabled . | . . Max in Single Turn . | . . Machines Sabotaged . | . . Garrisons Compromised . | . . Overloaded Fab Kills . | . . Fab Network Shutdowns . | . . Hacking | -11 -10 --------- Run | Scr Mat Machines Accessed . | . . Terminals . | . . Fabricators . | . . Repair Stations . | . . Recycling Units . | . . Scanalyzers . | . . Garrison Access . | . . Total Hacks . | . . Successful . | . . Failed . | . . Catastrophic . | . . Database Lockouts . | . . Manual . | . . Terminals . | . . Fabricators . | . . Repair Stations . | . . Recycling Units . | . . Scanalyzers . | . . Garrison Access . | . . Terminal Hacks . | . . Fabricator Hacks . | . . Repair Station Hacks . | . . Recycling Unit Hacks . | . . Scanalyzer . | . . Garrison Access Hacks . | . . Unauthorized Hacks . | . . Terminals . | . . Fabricators . | . . Repair Stations . | . . Recycling Units . | . . Scanalyzers . | . . Garrison Access . | . . Data Cores Recovered . | . . Used . | . . Hacking Detections . | . . Full Trace Events . | . . Feedback Events . | . . Feedback Blocked . | . . Robot Schematics Acquired . | . . Robots Built . | . . Matter . | . . Time . | . . Total Robot Build Rating . | . . Part Schematics Acquired . | . . Parts Built . | . . Matter . | . . Time . | . . Total Part Build Rating . | . . Parts Repaired . | . . Time . | . . Parts Recycled . | . . Recycled Matter . | . . Retrieved Matter . | . . Retrieved Components . | . . Parts Scanalyzed . | . . Part Schematics Acquired . | . . Parts Damaged . | . . Bothacking | -11 -10 ------------ Run | Scr Mat Used RIF Installer . | . . Robots Hacked . | . . Non-combat . | . . Combat . | . . Robot Hacks Applied . | . . Relay Couplers Released . | . . Robots Rewired . | . . Allies Hacked . | . . Hacks Repelled . | . . Allies | -11 -10 -------- Run | Scr Mat Total Allies . | . . Largest Group . | . . Highest-Rated Group . | . . Highest-Rated Ally . | . . Total Orders . | . . Ally Attacks . | . . Total Damage . | . . Kills . | . . Allies Corrupted . | . . Allies Melted . | . . Intel | -11 -10 ------- Run | Scr Mat Robot Analysis Total . | . . Derelict Logs Recovered . | . . Drone Launches . | . . Drone Recoveries . | . . Exploration | -11 -10 ------------- Run | Scr Mat Turns Passed 244 | 80 164 Spaces Moved 226 | 62 164 Core 24 | 16 8 Treads . | . . Legs 102 | 46 56 Wheels . | . . Hover 100 | . 100 Flight . | . . Fastest Speed 50 | 50 56 Average Speed 86 | 101 80 Slowest Speed 120 | 120 120 Overloaded Moves . | . . Propulsion Burnouts . | . . Robots Hopped . | . . Cave-ins Triggered . | . . Exploration Rate (%) 19 | 4 34 Regions Visited 1 Branch Regions . Pre-discovered Areas . | . . Known Exits Taken . | . . Unknown Exits Taken 1 | 1 . Scrap Searched . | . . Spaces Dug . | . . Terrain Destroyed . | . . Melee . | . . Projectile . | . . AOE . | . . Terrain Rammed . | . . Walls Destroyed . | . . Machines Disabled . | . . Actions | -11 -10 --------- Run | Scr Mat Total 269 | 78 191 Wait . | . . Move 225 | 61 164 Hop . | . . Pick Up 17 | 11 6 Fast Attach 2 | 1 1 Attach 7 | 5 2 Detach . | . . Swap . | . . Drop 6 | . 6 Fire 3 | . 3 Melee . | . . Ram 9 | . 9 Kick . | . . Crush . | . . Escape Stasis . | . . Rewire . | . . Trap . | . . Miscellaneous . | . . Route ------- -11/Scrapyard -10/Materials History --------- Turn | Location | Event 3 | -11/Scrapyard | Discovered new exit (range 15) 81 | -11/Scrapyard | Entered Materials 232 | -10/Materials | Core integrity fell below 50% 238 | -10/Materials | Core integrity fell below 20% 245 | -10/Materials | Destroyed by G-34 Mercenary with Small Laser Last Messages --------------- 00223_ K-01 Serf destroyed. 00224_ Acquired 5 matter. 00225_ The unstable cave ceiling collapses. 00226_ Hover Unit destroyed. 00227_ The unstable cave ceiling collapses. 00227_ Hover Unit destroyed. 00227_ Slammed into G-34 Mercenary. 00230_ Assault Rifle destroyed. 00231_ Slammed into G-34 Mercenary. 00233_ Destabilizing: Core damaged (-7). 00234_ Lgt. Ion Engine destroyed. 00234_ Slammed into G-34 Mercenary. 00234_ ECM Suite permanently disabled. 00234_ Destabilizing: Short circuit. 00235_ Slammed into U-05 Engineer. 00236_ G-34 Mercenary destroyed. 00236_ W-16 Scout sends out distress signal. 00236_ Slammed into G-34 Mercenary. 00236_ Destabilizing: System corrupted (+2). 00237_ Slammed into G-34 Mercenary. Map ----- +----------------------------------------------------+ | | | | | | | | | | | | | | | | | | | | | ?????????????????????########## #????????? | | ?????????????????????# """ """ # %= ##???????? | | ?????????????????????# """ """ [= #???????? | | ?????????????????????# """ """ [ #???????? | | ?????????????????????# ##???????? | | ?????????????????????# ##???????? | | ?????????????????????# #= #???????? | | ?????????????????????# ! *% ###???????? | | ?????????????????????# g %[ #?????????? | | ??????????? ############g#####% ! ##?????????? | | ??????????? """"" gg ##??????????? | | ?????????? ""T"" g##########???????????? | | ?????????? #????????????????????? | | ????????????????## ############??????????? | | ?????????????????# w!! ## #??????????? | | ??????????????R" # g !! @ ## """ """ #??????????? | | ?????????????" " + ! ## """ """ #??????????? | | ???????????? # # """ """ #??????????? | | ???????????? ?# + #??????????? | | ?????????????????# # = #??????????? | | ?????????????????# ######## #??????????? | | ?????????????????# ???????# !#??????????? | | ?????????????????# ????????###+###+###????????#?? | | ????????????????o/ ??????????# #?# #????????? #?? | | ??????????????? # ???????????# #?# #???????? #?? | | ?????????????? #?????????#### ### ######## #?? | | ??????????????#????? #?? | | ???????????????????????????####### #?? | | ?????????????????????????#####???# #?? | | ???????????????????????# ??# #?? | | ???????????????????????# "T"?# #?? | | ???????????????????????? # #?? | | ???????????????????????????" """ / ####### #?? | | ???????????????????????????" """ # #??????? #?? | | ???????????????????????????? """ ### #???????? ?? | | ???????????????????????????? ???# #???????????? | | ??????????????????????????? ???# #???????????? | | ???????????????????????????####????# #???????????? | | ???????????????????????????????????# #???????????? | | ???????????????????????????????????#+########????? | +----------------------------------------------------+ Best States ------------- Heat Dissipation 25 Energy Generation 10 Energy Capacity 125 Matter Stores 255 Matter Capacity 300 Sight Range 16 Terrain Scan Density 10 ECM Strength 1 Evasion (%) 53 Item Schematics ----------------- None Robot Schematics ------------------ None Fabricated ------------ Nothing Alien Tech Used ----------------- None Achievements -------------- None Challenges ------------ None Game ------ Seed AdvancedAntigravBoosters Manual? 0 Play Time 00:04:37 Cumulative 3.0 hours Start 2021.08.27 @ 17:32:19 End 2021.08.27 @ 17:35:13 Sessions 1 Manual Loads 0 Difficulty Rogue Special Mode None Game No. 11 Rogue 11 Adventurer 0 Explorer 0 Win Type - Total 0 Types 0/0/0/0/0/0/0/0/0 Lore% 0 Gallery% 11 Achievement% 9 Wizard Run 0 Options --------- ASCII 0 Keyboard 0 Movement Mouse Keybinds 0 Fullscreen 1 Font 24/Smallcaps Map View 76x50 Tactical HUD 1 Map Filters NONE Filters NONE Steam 1 RUN: 63490ccb-6133-46d1-b2bb-d8d5d0c1d6c9